3AA
YAKIMA HOPS @ OTTAWA NATIONALS
07/28/2033
 
TOP OF THE 1ST
Yakima Hops batting - Pitching for Ottawa Nationals : LHP Gerald Emerson
Pitching: LHP Gerald Emerson
Batting: RHB Juan Alcocer 0-0: Called Strike
0-1: Ball
1-1: Foul Ball, location: 2F
1-2: Ball
2-2: Strikes out swinging
Batting: RHB Bob Houghton 0-0: Ground out 6-3 (Groundball, 6)
Batting: RHB Tom Woolever 0-0: Ball
1-0: SOLO HOME RUN (Line Drive, 78XD), Distance : 407 ft
Batting: LHB Gustavo Deleón 0-0: Fly out, F9 (Flyball, 9S)
Top of the 1st over - 1 run, 1 hit, 0 errors, 0 left on base; Yakima 1 - Ottawa 0
BOTTOM OF THE 1ST
Ottawa Nationals batting - Pitching for Yakima Hops : RHP Elroy Quaid
Pitching: RHP Elroy Quaid
Batting: RHB José Bumgarnor 0-0: Ball
1-0: Ball
2-0: Called Strike
2-1: Reached on error, E3 (Groundball, 34)
Batting: RHB Gerald Mills 0-0: Ball
1-0: Ball
2-0: Fly out, F9 (Flyball, 9S)
Batting: LHB José Gómez 0-0: Called Strike
0-1: Ball
1-1: Ball
2-1: Ball
3-1: Called Strike
3-2: Fly out, F8 (Flyball, 8RXD)
Batting: LHB Carlos Cirilli 0-0: Ball
1-0: Swinging Strike
1-1: Foul Ball, location: 2F
1-2: Ball
2-2: Ball
3-2: Strikes out swinging
Bottom of the 1st over - 0 runs, 0 hits, 1 error, 1 left on base; Yakima 1 - Ottawa 0
TOP OF THE 2ND
Yakima Hops batting - Pitching for Ottawa Nationals : LHP Gerald Emerson
Batting: RHB Jeromy Gride 0-0: Called Strike
0-1: Swinging Strike
0-2: Strikes out swinging
Batting: RHB George Hubbard 0-0: Ball
1-0: Called Strike
1-1: Ball
2-1: SINGLE (Groundball, 56) (infield hit)
Batting: RHB Jovy Marcelo 0-0: Ball
1-0: Foul Ball, location: 2F
1-1: Called Strike
1-2: Ball
2-2: Fly out, F8 (Flyball, 8LM)
Batting: RHB Will Dobson 0-0: SINGLE (Line Drive, 4D)
George Hubbard to second
Batting: LHB Mo Wyndham 0-0: Ball
1-0: Ball
2-0: Swinging Strike
2-1: Ground out U3 (Groundball, 34)
Top of the 2nd over - 0 runs, 2 hits, 0 errors, 2 left on base; Yakima 1 - Ottawa 0
BOTTOM OF THE 2ND
Ottawa Nationals batting - Pitching for Yakima Hops : RHP Elroy Quaid
Batting: RHB Yang-joo Pak 0-0: Called Strike
0-1: Swinging Strike
0-2: Strikes out swinging, 2-3 out at first.
Batting: RHB Tomás Bermúdez 0-0: Swinging Strike
0-1: DOUBLE (Flyball, 9D)
Batting: RHB Pancho Rodríguez 0-0: Foul Ball, location: 2F
0-1: Fly out, F8 (Flyball, 8RM)
Batting: RHB Miguel González 0-0: Ball
1-0: Called Strike
1-1: Ground out 3-1 (Groundball, 34S)
Bottom of the 2nd over - 0 runs, 1 hit, 0 errors, 1 left on base; Yakima 1 - Ottawa 0
TOP OF THE 3RD
Yakima Hops batting - Pitching for Ottawa Nationals : LHP Gerald Emerson
Batting: RHB Juan Alcocer 0-0: Called Strike
0-1: SINGLE (Groundball, 56D)
Batting: RHB Bob Houghton 0-0: Ball
1-0: Ball
2-0: Foul Ball, location: 2F
2-1: Called Strike
2-2: Fielders Choice at 2nd, 1-6 (Groundball, P)
Batting: RHB Tom Woolever 0-0: Ball
1-0: Grounds into double play, 4-6-3 (Groundball, 4)
Top of the 3rd over - 0 runs, 1 hit, 0 errors, 0 left on base; Yakima 1 - Ottawa 0
BOTTOM OF THE 3RD
Ottawa Nationals batting - Pitching for Yakima Hops : RHP Elroy Quaid
Batting: RHB José García 0-0: Hit by Pitch
Batting: RHB José Bumgarnor 0-0: Ball
1-0: Called Strike
1-1: Called Strike
1-2: Fly out, F5 (Popup, 56S)
Batting: RHB Gerald Mills 0-0: Ball
1-0: Ball
2-0: Ball
3-0: Called Strike
3-1: Called Strike
3-2: Foul Ball, location: 2F
3-2: Fielders Choice at 2nd, 6-4 (Groundball, 6M)
Batting: LHB José Gómez 0-0: Ball
1-0: Fielders Choice at 2nd, 5-4 (Groundball, 56)
Bottom of the 3rd over - 0 runs, 0 hits, 0 errors, 1 left on base; Yakima 1 - Ottawa 0
TOP OF THE 4TH
Yakima Hops batting - Pitching for Ottawa Nationals : LHP Gerald Emerson
Batting: LHB Gustavo Deleón 0-0: Called Strike
0-1: Ball
1-1: Foul Ball, location: 2F
1-2: Strikes out swinging
Batting: RHB Jeromy Gride 0-0: Foul Ball, location: 2F
0-1: Foul Ball, location: 2F
0-2: Ball
1-2: Foul Ball, location: 2F
1-2: SINGLE (Flyball, 78S)
Batting: RHB George Hubbard 0-0: SINGLE (Line Drive, 4MD)
Jeromy Gride to second
Batting: RHB Jovy Marcelo 0-0: Ball
1-0: Swinging Strike
1-1: Ball
2-1: Ball
3-1: Foul Ball, location: 2F
3-2: Grounds into double play, 6-4-3 (Groundball, 6M)
Top of the 4th over - 0 runs, 2 hits, 0 errors, 1 left on base; Yakima 1 - Ottawa 0
BOTTOM OF THE 4TH
Ottawa Nationals batting - Pitching for Yakima Hops : RHP Elroy Quaid
Batting: LHB Carlos Cirilli 0-0: Called Strike
0-1: Called Strike
0-2: Ball
1-2: Ground out 6-3 (Groundball, 6)
Batting: RHB Yang-joo Pak 0-0: Ball
1-0: Fly out, F9 (Flyball, 9)
Batting: RHB Tomás Bermúdez 0-0: Foul Ball, location: 2F
0-1: Ball
1-1: Ball
2-1: Ball
3-1: Foul Ball, location: 2F
3-2: Foul Ball, location: 2F
3-2: Foul Ball, location: 2F
3-2: Foul Ball, location: 2F
3-2: Base on Balls
Batting: RHB Pancho Rodríguez 0-0: Ball
Tomás Bermúdez steals 2nd base
1-0: Fly out, F8 (Line Drive, 8LD)
Bottom of the 4th over - 0 runs, 0 hits, 0 errors, 1 left on base; Yakima 1 - Ottawa 0
TOP OF THE 5TH
Yakima Hops batting - Pitching for Ottawa Nationals : LHP Gerald Emerson
Batting: RHB Will Dobson 0-0: Called Strike
0-1: Foul Ball, location: 2F
0-2: Ball
1-2: Ball
2-2: Strikes out swinging, 2-3 out at first.
Batting: LHB Mo Wyndham 0-0: Ball
1-0: Foul Ball, location: 2F
1-1: Ground out 6-3 (Groundball, 6M)
Batting: RHB Juan Alcocer 0-0: Ball
1-0: Foul Ball, location: 2F
1-1: Ground out 4-3 (Groundball, 4S)
Top of the 5th over - 0 runs, 0 hits, 0 errors, 0 left on base; Yakima 1 - Ottawa 0
BOTTOM OF THE 5TH
Ottawa Nationals batting - Pitching for Yakima Hops : RHP Elroy Quaid
Batting: RHB Miguel González 0-0: Ground out 6-3 (Groundball, 6)
Batting: RHB José García 0-0: Called Strike
0-1: Called Strike
0-2: SINGLE (Groundball, 56D)
Batting: RHB José Bumgarnor 0-0: Foul Ball, location: 2F
0-1: Ball
1-1: Ball
2-1: Foul Ball, location: 2F
2-2: Ball
3-2: Foul Ball, location: 2F
3-2: Hit by Pitch
José García to second
Batting: RHB Gerald Mills 0-0: Ball
José García steals 3rd base
José Bumgarnor to second
1-0: Ball
2-0: Ground out 5-3 (Groundball, 25)
José García scores
José Bumgarnor to third
Batting: LHB José Gómez 0-0: Ball
1-0: SINGLE (Groundball, 56D)
José Bumgarnor scores
Batting: LHB Carlos Cirilli 0-0: Ball
1-0: Swinging Strike
1-1: Ball
2-1: Ball
3-1: Called Strike
3-2: Foul Ball, location: 2F
3-2: Base on Balls
José Gómez to second
Batting: RHB Yang-joo Pak 0-0: Called Strike
0-1: Foul Ball, location: 2F
0-2: Fly out, F5 (Popup, 5S)
Bottom of the 5th over - 2 runs, 2 hits, 0 errors, 2 left on base; Yakima 1 - Ottawa 2
TOP OF THE 6TH
Yakima Hops batting - Pitching for Ottawa Nationals : LHP Gerald Emerson
Batting: RHB Bob Houghton 0-0: Ball
1-0: Ball
2-0: SINGLE (Line Drive, 6)
Pitching: LHP Walt Wilson
Batting: RHB Tom Woolever 0-0: Foul Ball, location: 2F
0-1: Ball
1-1: Ball
2-1: Ball
3-1: Foul Ball, location: 2F
3-2: Strikes out swinging
Batting: LHB Gustavo Deleón 0-0: Ball
1-0: Foul Ball, location: 2F
1-1: Ball
2-1: Called Strike
2-2: Fly out, F6 (Popup, P)
Batting: RHB Jeromy Gride 0-0: Ball
Bob Houghton steals 2nd base
1-0: Foul Ball, location: 2F
1-1: Fly out, F8 (Flyball, 8RD)
Top of the 6th over - 0 runs, 1 hit, 0 errors, 1 left on base; Yakima 1 - Ottawa 2
BOTTOM OF THE 6TH
Ottawa Nationals batting - Pitching for Yakima Hops : RHP Elroy Quaid
Batting: RHB Tomás Bermúdez 0-0: Called Strike
0-1: Ball
1-1: Ball
2-1: Ball
3-1: Called Strike
3-2: Strikes out swinging
Pitching: RHP Jesús Gonzáles
Batting: RHB Pancho Rodríguez 0-0: Ball
1-0: Ball
2-0: Called Strike
2-1: Ball
3-1: Base on Balls
Batting: RHB Miguel González 0-0: Ball
1-0: Ball
Wild Pitch!
Pancho Rodríguez to second
2-0: Fly out, F3 (Popup, 3SF)
Batting: RHB José García 0-0: Swinging Strike
0-1: Ball
1-1: Foul Ball, location: 2F
1-2: Foul Ball, location: 2F
1-2: Ball
2-2: Foul Ball, location: 2F
2-2: Ground out 4-3 (Groundball, 4)
Bottom of the 6th over - 0 runs, 0 hits, 0 errors, 1 left on base; Yakima 1 - Ottawa 2
TOP OF THE 7TH
Yakima Hops batting - Pitching for Ottawa Nationals : LHP Walt Wilson
Batting: RHB George Hubbard 0-0: Foul Ball, location: 2F
0-1: Ball
1-1: Called Strike
1-2: SINGLE (Flyball, 78S)
Batting: RHB Jovy Marcelo 0-0: Sac Bunt - play at first, batter OUT! 1-4
George Hubbard to second
Batting: RHB Will Dobson 0-0: Foul Ball, location: 2F
0-1: Foul Ball, location: 2F
0-2: Foul Ball, location: 2F
0-2: Strikes out swinging
Batting: LHB Mo Wyndham 0-0: Ball
1-0: Ball
2-0: Ball
3-0: Base on Balls
Batting: RHB Juan Alcocer 0-0: Swinging Strike
0-1: Called Strike
0-2: Ball
1-2: Fly out, F8 (Flyball, 8LM)
Top of the 7th over - 0 runs, 1 hit, 0 errors, 2 left on base; Yakima 1 - Ottawa 2
BOTTOM OF THE 7TH
Ottawa Nationals batting - Pitching for Yakima Hops : RHP Jesús Gonzáles
Batting: RHB José Bumgarnor 0-0: Swinging Strike
0-1: Called Strike
0-2: Strikes out swinging
Batting: RHB Gerald Mills 0-0: Ground out 5-3 (Groundball, 56)
Batting: LHB José Gómez 0-0: Ball
1-0: Ball
2-0: Ball
3-0: Called Strike
3-1: SINGLE (Line Drive, 4)
Batting: LHB Carlos Cirilli 0-0: Ball
1-0: Ball
2-0: Ball
3-0: Called Strike
3-1: Base on Balls
José Gómez to second
Batting: RHB Yang-joo Pak 0-0: Ball
1-0: Ball
2-0: Ball
3-0: Called Strike
3-1: DOUBLE (Line Drive, 7LD)
José Gómez scores
Carlos Cirilli to third
Batting: RHB Tomás Bermúdez 0-0: Ball
1-0: Ball
2-0: Ball
3-0: Called Strike
3-1: Ground out 5-3 (Groundball, 56)
Bottom of the 7th over - 1 run, 2 hits, 0 errors, 2 left on base; Yakima 1 - Ottawa 3
TOP OF THE 8TH
Yakima Hops batting - Pitching for Ottawa Nationals : LHP Walt Wilson
Batting: RHB Bob Houghton 0-0: Foul Ball, location: 2F
0-1: Fly out, F8 (Line Drive, 8LS)
Batting: RHB Tom Woolever 0-0: Ball
1-0: Ground out 1-3 (Groundball, P)
Batting: LHB Gustavo Deleón 0-0: Ball
1-0: Called Strike
1-1: Called Strike
1-2: Strikes out swinging
Top of the 8th over - 0 runs, 0 hits, 0 errors, 0 left on base; Yakima 1 - Ottawa 3
BOTTOM OF THE 8TH
Ottawa Nationals batting - Pitching for Yakima Hops : RHP Jesús Gonzáles
Pitching: RHP Pedro Rodríguez
Batting: RHB Pancho Rodríguez 0-0: Called Strike
0-1: Swinging Strike
0-2: Ball
1-2: Strikes out swinging
Batting: RHB Miguel González 0-0: Ball
1-0: Called Strike
1-1: Fly out, F7 (Flyball, 7S)
Batting: RHB José García 0-0: SOLO HOME RUN (Line Drive, 7LD), Distance : 364 ft
Batting: RHB José Bumgarnor 0-0: Foul Ball, location: 2F
0-1: Foul Ball, location: 2F
0-2: Strikes out looking
Bottom of the 8th over - 1 run, 1 hit, 0 errors, 0 left on base; Yakima 1 - Ottawa 4
TOP OF THE 9TH
Yakima Hops batting - Pitching for Ottawa Nationals : LHP Walt Wilson
Pitching: RHP Kevin Pilkington
Batting: RHB Jeromy Gride 0-0: Ball
1-0: Ball
2-0: Ground out 6-3 (Groundball, 6)
Batting: RHB George Hubbard 0-0: Ball
1-0: Called Strike
1-1: Ground out 6-3 (Groundball, 6)
Batting: RHB Jovy Marcelo 0-0: DOUBLE (Flyball, 7LD)
Batting: RHB Will Dobson 0-0: Called Strike
0-1: Swinging Strike
0-2: Ball
1-2: Ball
2-2: Fly out, F9 (Line Drive, 9)
Top of the 9th over - 0 runs, 1 hit, 0 errors, 1 left on base; Yakima 1 - Ottawa 4
Saturday, December 22nd, 2018 - OOTP Baseball 18.8 Build 76